 Dungeon Crawl Stone Soup version 0.30-a0-778-g2ef04afb54 (webtiles) character file.

Game seed: 6853316852314247768

906 sircluck the Cleaver (level 8, -12/69 HPs)
             Began as a Hill Orc Fighter on Feb 16, 2023.
             Mangled by Prince Ribbit (14 damage)
             ... on level 6 of the Dungeon.
             The game lasted 00:11:50 (4442 turns).

sircluck the Cleaver (Hill Orc Fighter)             Turns: 4442, Time: 00:11:51

Health: -12/69     AC:  7    Str: 21    XL:     8   Next: 8%
Magic:  8/8        EV: 14    Int:  8    God:
Gold:   195        SH:  4    Dex: 10    Spells: 7/7 levels left

rFire   . . .      SeeInvis .    a - +0 war axe
rCold   . . .      Faith    .    c - +0 buckler
rNeg    . . .      Spirit   .    b - +0 scale mail
rPois   .          Reflect  .    (no helmet)
rElec   .          Harm     .    (no cloak)
rCorr   .          Rampage  .    (no gloves)
Will    .....                    (no boots) Stlth
                                 (no amulet)
HPRegen 0.31/turn                h - +5 ring of evasion
MPRegen 0.11/turn                (no ring)

@: no status effects
A: no striking features
a: no special abilities


You were on level 6 of the Dungeon.
You visited 1 branch of the dungeon, and saw 6 of its levels.
You also visited: Ossuary.

You collected 195 gold pieces.

Inventory:

Hand Weapons
 a - a +0 war axe (weapon)
 m - a +0 whip of venom
Missiles
 f - 42 stones (quivered)
 r - 4 poisoned darts
 A - a throwing net
Armour
 b - a +0 scale mail (worn)
 c - a +0 buckler (worn)
 k - a +0 pair of gloves
 u - a +0 chain mail
 G - +0 steam dragon scales
Jewellery
 h - a +5 ring of evasion (left hand)
Wands
 e - a wand of digging (4)
Scrolls
 g - a scroll of teleportation {unknown}
 i - 4 scrolls of identify {unknown}
 n - a scroll of silence {unknown}
 o - 2 scrolls of blinking {unknown}
 p - a scroll of amnesia {unknown}
 q - a scroll of vulnerability {unknown}
 s - 4 scrolls of torment {unknown}
 t - 2 scrolls of fog {unknown}
 v - 2 scrolls of fear {unknown}
 y - a scroll of noise
 B - a scroll of enchant weapon {unknown}
Potions
 d - a potion of might
 j - a potion of cancellation {unknown}
 l - 5 potions of heal wounds {unknown}
 w - 2 potions of lignification {unknown}
 x - 3 potions of curing {unknown}
 z - 2 potions of degeneration {unknown}
 C - a potion of berserk rage {unknown}
 D - a potion of attraction {unknown}
 E - a potion of magic {unknown}
 F - a potion of mutation {unknown}


   Skills:
 + Level 5.6 Fighting
 + Level 8.2 Axes
 + Level 5.7 Armour
 + Level 1.4 Dodging
 + Level 4.4 Shields


You had 7 spell levels left.
You didn't know any spells.
Your spell library contained the following spells:

 Spells                   Type           Power      Damage    Failure   Level
 Magic Dart               Conj           0%         1d3       82%         1
 Searing Ray              Conj           0%         2d4       91%         2
 Fulminant Prism          Conj/Hex       0%         3d5       100%        4


Dungeon Overview and Level Annotations

Branches:
Dungeon (7/15)            Ossuary (visited)
 Temple: D:4-7

Altars:
Trog
Yredelemnul
The Shining One

Annotations:
D:6 Prince Ribbit


Message History

You hit the ogre but do no damage. The ogre hits you but does no damage.
Prince Ribbit hits you!
You slash Prince Ribbit!
Prince Ribbit is severely wounded.
You hit the ogre. You block Prince Ribbit's attack. The ogre misses you.
Prince Ribbit hits you.
You barely miss Prince Ribbit.
Prince Ribbit is severely wounded.
You barely miss the ogre. Prince Ribbit completely misses you.
The ogre closely misses you.
You barely miss Prince Ribbit.
Prince Ribbit is severely wounded.
You slash the ogre!
Prince Ribbit blinks!
You hit the ogre.
The ogre is heavily wounded.
Prince Ribbit blinks!
The ogre closely misses you.
You slash the ogre!
The ogre is almost dead.
The ogre hits you with a +0 giant club!!
Ouch! That really hurt!
* * * LOW HITPOINT WARNING * * *
You are too injured to fight recklessly!
You are too injured to fight recklessly!
You are too injured to fight recklessly!
You are too injured to fight recklessly!
You are too injured to fight recklessly!
You are too injured to fight recklessly!
You are too injured to fight recklessly!
You are too injured to fight recklessly!
You hit the ogre.
You kill the ogre!
Prince Ribbit blinks!
Prince Ribbit croaks regally.
You have reached level 8!
You are too injured to fight recklessly!
You see here a +0 giant club.
Prince Ribbit hits you!
* * * LOW HITPOINT WARNING * * *
Prince Ribbit hits you!
You die...

.............#...#...#
+##..†................
#..........############
+..............# ....
#..............####....
##+####+###............
#...<........
#............
+..F@).......
#............
#............
+............
#............
#############............
.........................
.........................
...................


You could see Prince Ribbit.

Vanquished Creatures
  A steam dragon (D:7)
  A water moccasin (D:7)
  An orc warrior (D:7)
  An ogre (D:6)
  A kobold brigand (D:6)
  A water moccasin zombie (Ossuary)
  2 hounds (D:6)
  An iguana (D:7)
  2 orc wizards (D:3)
  2 mummies (Ossuary)
  4 gnolls (D:3)
  5 adders
  4 adder zombies (Ossuary)
  A dart slug (D:1)
  11 orcs
  10 ball pythons
  3 endoplasms (D:1)
  A giant cockroach (D:3)
  7 gnoll zombies
  5 goblins
  7 hobgoblins
  2 jackals (D:1)
  3 quokkas
  3 bats
  2 frilled lizards
  3 hobgoblin zombies (Ossuary)
  12 kobolds
  6 kobold zombies (Ossuary)
  4 orc zombies (Ossuary)
  7 rats
113 creatures vanquished.

Notes
Turn   | Place    | Note
-------+----------+-------------------------------------------
     0 | D:1      | sircluck the Hill Orc Fighter began the quest for the Orb.
     0 | D:1      | Reached XP level 1. HP: 19/19 MP: 1/1
   298 | D:1      | Reached XP level 2. HP: 27/27 MP: 2/2
   413 | D:1      | Reached skill level 3 in Axes
   523 | D:1      | Reached XP level 3. HP: 22/33 MP: 3/3
  1189 | D:2      | Found a basalt altar of Yredelemnul.
  1259 | D:2      | Reached XP level 4. HP: 41/41 MP: 4/4
  1289 | D:2      | Reached skill level 4 in Axes
  2060 | D:3      | Found a faded altar of an unknown god.
  2111 | D:3      | Reached XP level 5. HP: 27/47 MP: 5/5
  2267 | D:3      | Found a bloodstained altar of Trog.
  2268 | D:3      | Found a glowing golden altar of the Shining One.
  2409 | D:3      | Reached skill level 5 in Axes
  3331 | D:4      | You fall into a shaft and drop 3 floors!
  3331 | D:7      | Found a sand-covered staircase.
  3341 | Ossuary  | Entered an ossuary
  3376 | Ossuary  | Reached XP level 6. HP: 54/55 MP: 6/6
  3538 | D:6      | Noticed a sky beast
  3556 | D:7      | Noticed an orc warrior
  3571 | D:7      | Killed an orc warrior
  3572 | D:7      | Reached skill level 5 in Fighting
  3572 | D:7      | Reached skill level 6 in Axes
  3708 | D:7      | Reached skill level 1 in Dodging
  3708 | D:7      | Reached XP level 7. HP: 37/61 MP: 7/7
  3833 | D:7      | Noticed a steam dragon
  3846 | D:7      | Reached skill level 7 in Axes
  3846 | D:7      | Reached skill level 5 in Armour
  3851 | D:7      | Killed a steam dragon
  4326 | D:6      | Reached skill level 8 in Axes
  4427 | D:6      | Noticed Prince Ribbit
  4441 | D:6      | Reached XP level 8. HP: 13/69 MP: 8/8
  4442 | D:6      | HP: 2/69 [Prince Ribbit (11)]
  4442 | D:6      | Mangled by Prince Ribbit

Illustrated notes

Levels and vault maps discovered:
D:1:      dpeg_arrival_circle_labyrinth_c, layout_basic,
          nicolae_figureground_pulse
D:2:      layout_loops_ring, basic_altar, minmay_misc_feat_x
D:3:      layout_basic, nicolae_overflow_hidden_temple,
          nicolae_ecumenical_snake_handling, corexii_hall_statues_deadend
D:4:      cheibrodos_pilgrimage, layout_basic, uniq_grinder, uniq_menkaure
D:6:      layout_gridville, mainiacjoe_overflow_24_doors,
          lemuel_coloured_pillars_altar, minmay_manual_mail, uniq_prince_ribbit1
D:7:      layout_loops_ring, nicolae_yredelemnul_ghost_church, enter_ossuary_3,
          serial_shops, nicolae_stop_n_shop_1, shop, shop

Skill      XL: |  1  2  3  4  5  6  7 |
---------------+----------------------+-----
Axes           | 3 4 5 6 8 |  8.2
Fighting       | 4 5 |  5.6
Armour         | 4 5 |  5.7
Dodging        | 1 |  1.4
Shields        | 4 |  4.4

Action                     |  1- 3 |  4- 6 |  7- 9 || total
---------------------------+-------+-------+-------++-------
  Melee: War axe           |    88 |   201 |    42 ||   331
  Throw: Stone             |     3 |       |       ||     3
    Use: Scroll            |     1 |       |       ||     1
         Potion            |       |     1 |     2 ||     3
 Armour: Scale mail        |    19 |    86 |    17 ||   122
  Dodge: Dodged            |    60 |   129 |    36 ||   225
  Block: Buckler           |    24 |    46 |    11 ||    81

Table legend: (Time is in decaauts)
 A = Elapsed time spent in this place.
 B = Non-inter-level travel time spent in this place.
 C = Inter-level travel time spent in this place.
 D = Time resting spent in this place.
 E = Time spent auto-exploring this place.
 F = Levels seen in this place.
 G = Mean time per level.
                   A        B        C        D        E       F      G
               +--------+--------+--------+--------+--------+-----+--------+
         Total |   4543 |   3802 |    741 |    586 |   2094 |   7 |  649.0 |
       Dungeon |   4333 |   3592 |    741 |    586 |   2094 |   6 |  722.2 |
       Ossuary |    210 |    210 |      0 |      0 |      0 |   1 |  210.0 |
               +--------+--------+--------+--------+--------+-----+--------+

Top non-repeatable levels by time:
     D:3: 1217 daAuts
     D:1: 1155 daAuts
     D:2: 1005 daAuts
     D:7: 703 daAuts
     D:6: 233 daAuts
 Ossuary: 210 daAuts
     D:4: 17 daAuts
